 Dungeon Crawl Stone Soup version 0.29-a0-837-g174bc33265 (webtiles) character file.

Game seed: 13584219026771128898

1178 27snakeeyes612 the Cudgeller (level 8, -1/79 HPs)
             Began as a Troll Berserker on July 13, 2022.
             Was a Believer of Trog.
             Slain by an iguana (7 damage)
             ... in the Ecumenical Temple.
             The game lasted 00:03:23 (3861 turns).

27snakeeyes612 the Cudgeller (Troll Berserker)      Turns: 3861, Time: 00:03:24

Health: -1/79      AC:  7    Str: 34    XL:     8   Next: 18%
Magic:  7/7        EV: 11    Int:  3    God:    Trog [**....]
Gold:   254        SH:  0    Dex: 12    Spells: 7/7 levels left

rFire   . . .      SeeInvis .   a - +0 mace
rCold   . . .      Faith    .   (no shield)
rNeg    + . .      Spirit   .   o - +2 robe "Atzaoc" {-Cast rElec Dex+3}
rPois   .          Reflect  .   (helmet restricted)
rElec   +          Harm     .   t - +0 cloak
rCorr   .          Rampage  .   (gloves unavailable)
Will    .....      NoCast   +   (boots unavailable)
Stlth   +.........              (no amulet)
HPRegen 1.03/turn               c - ring of positive energy
MPRegen 0.10/turn               h - +6 ring of strength

@: on berserk cooldown, slowed, very slow
A: large, unfitting armour, claws 3, regeneration 1, shaggy fur 1, tough skin 1
a: Renounce Religion, Berserk, Trog's Hand


You were in the Ecumenical Temple.
You worshipped Trog.
Trog was pleased with you.
You visited 2 branches of the dungeon, and saw 6 of its levels.

You collected 254 gold pieces.

Inventory:

Hand Weapons
 a - a +0 mace (weapon)
Missiles
 k - 18 stones (quivered)
 n - 6 javelins
Armour
 b - a +0 animal skin
 o - the +2 robe "Atzaoc" (worn) {-Cast rElec Dex+3}
   (You found it on level 2 of the Dungeon)

   Dex:       It affects your dexterity (+3).
   rElec:     It insulates you from electricity.
   -Cast:     It prevents spellcasting.
 t - a +0 cloak (worn)
Jewellery
 c - a ring of positive energy (left claw)
 h - a +6 ring of strength (right claw)
Wands
 w - a wand of polymorph (8)
Scrolls
 f - 7 scrolls of identify {unknown}
 g - 7 scrolls of teleportation {unknown}
 i - 2 scrolls of vulnerability {unknown}
 j - a scroll of poison {unknown}
 l - 3 scrolls of noise {unknown}
 p - a scroll of summoning {unknown}
 s - 2 scrolls of immolation {unknown}
 u - a scroll of magic mapping {unknown}
Potions
 d - a potion of ambrosia {unknown}
 e - 5 potions of curing {unknown}
 m - a potion of mutation {unknown}
 q - 2 potions of lignification {unknown}
 r - a potion of berserk rage {unknown}
 v - a potion of attraction {unknown}
 x - a potion of haste {unknown}


   Skills:
 + Level 4.7 Fighting
 + Level 5.1 Maces & Flails
 + Level 4.1 Throwing
 + Level 4.6 Dodging
 - Level 1.1 Unarmed Combat


You had 7 spell levels left.
You didn't know any spells.
Your spell library was empty.

Dungeon Overview and Level Annotations

Branches:
Dungeon (5/15)             Temple (1/1) D:5

Altars:
Elyvilon
Kikubaaqudgha
Makhleb
Qazlal
Trog
Zin


Innate Abilities, Weirdness & Mutations

You are too large for most types of armour.
You have claws for hands.
Your natural rate of healing is unusually fast.
You are covered in fur. (AC +1)
You have tough skin. (AC +1)


Message History

The iguana barely misses you. The sky beast closely misses you.
Your Maces & Flails skill increases to level 5!
Your Throwing skill increases to level 4!
You have reached level 8!
You sock the sky beast!
The sky beast is heavily wounded.
You hit the sky beast.
The sky beast is heavily wounded.
The iguana bites you but does no damage.
The sky beast hits you.
* * * LOW HITPOINT WARNING * * *
The sky beast shocks you. You resist.
* * * LOW HITPOINT WARNING * * *
You hit the sky beast.
The sky beast is severely wounded.
The iguana bites you but does no damage.
The sky beast barely misses you.
You sock the sky beast!
You kill the sky beast!
Trog accepts your kill. The iguana bites you!
* * * LOW HITPOINT WARNING * * *
You sock the iguana!
The iguana is heavily wounded.
You are no longer berserk.
You are exhausted.
You feel yourself slow down. The iguana closely misses you.
You barely miss the iguana.
The iguana is heavily wounded.
The iguana barely misses you.
You hit the iguana.
The iguana is severely wounded.
The iguana barely misses you. The iguana bites you!
* * * LOW HITPOINT WARNING * * *
You barely miss the iguana.
The iguana is severely wounded.
The iguana bites you.
* * * LOW HITPOINT WARNING * * *
The iguana bites you!
You die...

#########
###.......###
##..._..._...##
#.............#
##...........##
.......@l......
##.....).....##
#.............#
##..._..._...##
###.......###
#########


You could see an iguana.

Vanquished Creatures
  A troll (Temple)
  Menkaure (D:3)
  A sky beast (Temple)
  An ice beast (Temple)
  A black bear (D:5)
  A centaur (Temple)
  A phantom (D:5)
  A necrophage (D:5)
  A scorpion (D:3)
  2 bullfrogs
  A howler monkey (Temple)
  Crazy Yiuf (D:3)
  5 adders
  An ufetubus (D:5)
  A dart slug (D:4)
  7 orcs
  5 ball pythons
  3 endoplasms
  2 giant cockroaches (D:1)
  7 goblins
  10 hobgoblins
  2 jackals (D:1)
  3 quokkas
  3 bats
  2 frilled lizards
  7 kobolds
  4 rats
75 creatures vanquished.

Vanquished Creatures (others)
  A quokka (D:3)
1 creature vanquished.

Grand Total: 76 creatures vanquished

Notes
Turn   | Place    | Note
-------+----------+-------------------------------------------
     0 | D:1      | 27snakeeyes612 the Troll Berserker began the quest for the
                  | Orb.
     0 | D:1      | Reached XP level 1. HP: 22/22 MP: 0/0
   213 | D:1      | Found a faded altar of an unknown god.
   244 | D:1      | Reached XP level 2. HP: 29/29 MP: 1/1
   973 | D:2      | Reached skill level 1 in Unarmed Combat
  1026 | D:2      | Reached XP level 3. HP: 30/36 MP: 2/2
  1124 | D:2      | Reached skill level 3 in Maces & Flails
  1124 | D:2      | Reached skill level 1 in Throwing
  1479 | D:2      | Reached ** piety under Trog
  1482 | D:2      | Identified the +2 robe "Atzaoc" {-Cast rElec Dex+3}
  2192 | D:3      | Found a runed translucent door.
  2193 | D:3      | Noticed Crazy Yiuf
  2311 | D:3      | Reached XP level 4. HP: 32/44 MP: 3/3
  2363 | D:3      | Found a white marble altar of Elyvilon.
  2713 | D:3      | Identified the +0 ring mail of the Majestic God {rElec
                  | rCorr Stlth-}
  2829 | D:3      | Killed Crazy Yiuf
  2864 | D:4      | Noticed Menkaure
  2864 | D:4      | Noticed a bullfrog
  2864 | D:4      | Noticed a scorpion
  2882 | D:3      | Killed a bullfrog
  2883 | D:3      | Reached XP level 5. HP: 53/53 MP: 4/4
  2926 | D:3      | Killed Menkaure
  2927 | D:3      | Reached XP level 6. HP: 9/61 MP: 5/5
  3054 | D:4      | Found a glowing silver altar of Zin.
  3535 | D:5      | Entered Level 5 of the Dungeon
  3545 | D:5      | Reached skill level 4 in Maces & Flails
  3677 | D:5      | Found a staircase to the Ecumenical Temple.
  3748 | D:5      | Noticed a troll
  3753 | D:5      | Reached XP level 7. HP: 60/68 MP: 6/6
  3785 | Temple   | Entered the Ecumenical Temple
  3850 | Temple   | Killed a troll
  3854 | Temple   | Reached skill level 5 in Maces & Flails
  3854 | Temple   | Reached XP level 8. HP: 30/79 MP: 7/7
  3861 | Temple   | Slain by an iguana

Illustrated notes

Levels and vault maps discovered:
D:1:      minmay_arrival_cross, layout_loops_corners,
          hellmonk_ecumenical_altar_crossroads
D:2:      layout_loops_corners
D:3:      layout_loops_corners, elyvilon_altar_4, uniq_crazy_yiuf_cottage
D:4:      layout_loops_ring, lemuel_round_altar, uniq_menkaure
D:5:      cheibrodos_fzero, layout_basic, minmay_temple_entry_waves,
          serial_shops, nicolae_shop_hallway_plus
Temple:   zaba_magenta_temple

Skill      XL: |  1  2  3  4  5  6  7 |
---------------+----------------------+-----
Unarmed Combat | 1 |  1.1
Maces & Flails | 3 4 5 |  5.1
Throwing       | 1 2 3 4 |  4.1
Fighting       | 3 4 |  4.7
Dodging        | 3 4 |  4.6

Action                   |  1- 3 |  4- 6 |  7- 9 || total
-------------------------+-------+-------+-------++-------
Melee: Mace              |   124 |    90 |    43 ||   257
       Punch             |     2 |       |     3 ||     5
Invok: Berserk           |       |     3 |     1 ||     4
       Trog's Hand       |       |     1 |     1 ||     2
Armor: Animal skin       |    54 |       |       ||    54
       Robe              |    13 |    51 |    46 ||   110
Dodge: Dodged            |    79 |    43 |    74 ||   196

Table legend: (Time is in decaauts)
 A = Elapsed time spent in this place.
 B = Non-inter-level travel time spent in this place.
 C = Inter-level travel time spent in this place.
 D = Time resting spent in this place.
 E = Time spent auto-exploring this place.
 F = Levels seen in this place.
 G = Mean time per level.
                   A        B        C        D        E       F      G
               +--------+--------+--------+--------+--------+-----+--------+
         Total |   3938 |   3807 |    131 |    117 |   3039 |   6 |  656.3 |
       Dungeon |   3868 |   3737 |    131 |     74 |   3039 |   5 |  773.6 |
        Temple |     70 |     70 |      0 |     43 |      0 |   1 |   70.0 |
               +--------+--------+--------+--------+--------+-----+--------+

Top non-repeatable levels by time:
     D:3: 1144 daAuts
     D:2: 977 daAuts
     D:1: 910 daAuts
     D:4: 572 daAuts
     D:5: 263 daAuts
  Temple: 70 daAuts
